 Dungeon Crawl Stone Soup version 0.28.0-1-gb440e238dd (webtiles) character file.

Game seed: 6990820940889782574

265 Ablot the Grasshopper (level 6, -2/50 HPs)
             Began as a Gnoll Warper on Feb 26, 2022.
             Succumbed to Blork the orc's poison
             ... on level 4 of the Dungeon.
             The game lasted 00:05:53 (4916 turns).

Ablot the Grasshopper (Gnoll Warper)                Turns: 4916, Time: 00:05:53

Health: -2/50      AC:  7    Str: 19    XL:     6   Next: 20%
Magic:  10/14      EV: 13    Int: 12    God:
Gold:   154        SH:  0    Dex: 11    Spells: 13/15 levels left

rFire   . . .      SeeInvis .   a - +0 spear
rCold   . . .      Faith    .   (no shield)
rNeg    . . .      Spirit   .   b - +0 leather armour
rPois   .          Reflect  .   (no helmet)
rElec   .          Harm     .   e - +2 cloak
rCorr   .          Rampage  .   k - +0 pair of gloves
Will    .....                   (no boots)
Stlth   ++........              (no amulet)
HPRegen 0.16/turn               g - +6 ring of strength
MPRegen 0.14/turn               (no ring)

@: lethally poisoned (-2 -> -14), on blink cooldown, very slightly contaminated
A: fangs 1, strong nose, distributed training
a: no special abilities


You were on level 4 of the Dungeon.
You visited 1 branch of the dungeon, and saw 4 of its levels.

You collected 154 gold pieces.

Inventory:

Hand Weapons
 a - a +0 spear (weapon)
Missiles
 d - 5 boomerangs of dispersal
 j - 180 stones
 r - 4 boomerangs (quivered)
 w - 17 sling bullets
Armour
 b - a +0 leather armour (worn)
 e - a +2 cloak (worn)
 k - a +0 pair of gloves (worn)
Jewellery
 g - a +6 ring of strength (left hand)
Scrolls
 c - a scroll of blinking
 l - 2 scrolls of identify {unknown}
 m - a scroll of silence {unknown}
 o - 2 scrolls of torment {unknown}
 p - 4 scrolls of teleportation {unknown}
 q - a scroll of enchant armour {unknown}
 s - a scroll of noise {unknown}
Potions
 f - a potion of haste {unknown}
 h - a potion of magic {unknown}
 i - a potion of ambrosia {unknown}
 n - 2 potions of mutation {unknown}
 t - a potion of heal wounds {unknown}
 u - a potion of might {unknown}
 v - a potion of attraction {unknown}


   Skills:
 + Level 4.9 Fighting
 + Level 1.8 Short Blades
 + Level 1.8 Long Blades
 + Level 1.8 Axes
 + Level 1.8 Maces & Flails
 + Level 4.9 Polearms
 + Level 1.8 Staves
 + Level 1.8 Slings
 + Level 1.8 Bows
 + Level 1.8 Crossbows
 + Level 3.2 Throwing
 + Level 3.2 Armour
 + Level 4.9 Dodging
 + Level 1.8 Stealth
 + Level 1.8 Shields
 + Level 1.8 Unarmed Combat
 + Level 5.3 Spellcasting
 + Level 1.4 Conjurations
 + Level 1.4 Hexes
 + Level 1.4 Summonings
 + Level 1.4 Necromancy
 + Level 5.6 Translocations
 + Level 1.4 Transmutations
 + Level 1.4 Fire Magic
 + Level 1.4 Ice Magic
 + Level 1.4 Air Magic
 + Level 1.4 Earth Magic
 + Level 1.4 Poison Magic
 + Level 2.0 Invocations
 + Level 1.8 Evocations


You had 13 spell levels left.
You knew the following spells:

 Your Spells              Type           Power      Damage    Failure   Level
a - Blink                 Tloc           32%        N/A       3%          2

Your spell library contained the following spells:

 Spells                   Type           Power      Damage    Failure   Level
 Gell's Gravitas          Tloc           16%        N/A       7%          3
 Lesser Beckoning         Tloc           16%        N/A       7%          3
 Teleport Other           Tloc           16%        N/A       7%          3
 Pain                     Necr           24%        1d5       13%         1
 Manifold Assault         Tloc           16%        N/A       54%         5
 Agony                    Necr           6%         N/A       98%         5
 Excruciating Wounds      Necr           3%         N/A       98%         5


Dungeon Overview and Level Annotations

Branches:
Dungeon (4/15)             Temple (0/1) D:4

Altars:

Annotations:
D:2 1 runed translucent door, exclusion: door
D:3 Edmund
D:4 Blork the orc


Innate Abilities, Weirdness & Mutations

You have very sharp teeth.
Your uncanny sense of smell can sniff out nearby items.
Your experience applies equally to all skills.


Message History

Blork the orc and a goblin come into view.
Blork the orc is wielding a +4 mace of venom.
Blork the orc shouts!
The goblin shouts!
You hear a shout!
A goblin comes into view. It is wielding a +0 club.
Blork the orc mumbles some strange words.
Blork the orc seems to speed up.
Blork the orc cheers noisily.
Blork the orc screams, "I don't like you!"
Blork the orc miscasts a cantrip.
Blork the orc gestures at you while chanting.
The puff of flame hits you. Blork the orc closely misses you.
Blork the orc hits you with a +4 mace of venom!
You are poisoned.
Blork the orc closely misses you.
You feel very sick.
Blork the orc hits you with a +4 mace of venom.
You are more poisoned.
You feel very sick.
You feel very sick.
Blork the orc hits you with a +4 mace of venom.
You are lethally poisoned!
* * * LOW HITPOINT WARNING * * *
You feel very sick.
Casting: Blink (safe; 3% risk of failure)
Confirm with . or Enter, or press ? or * to list all spells.
You miscast Blink.
You are very lightly contaminated with residual magic.
Nothing appears to happen.
* * * LOW HITPOINT WARNING * * *
You feel very sick.
Blork the orc hits you with a +4 mace of venom!
* * * LOW HITPOINT WARNING * * *
Blork the orc points at you and mumbles some strange words.
The puff of frost hits you.
* * * LOW HITPOINT WARNING * * *
Casting: Blink (safe; 3% risk of failure)
Confirm with . or Enter, or press ? or * to list all spells.
You blink.
You die...

......###...#.#####
#....##.. .....##
#...#.g.g.#######.##.####
...###
##..####o§.....)..##..###
#### #..#
#....<.....###.#.# #...
#..........# #...# #....
#..........# ##..#
#....##..........# ##.#
#..........# #.#
#@.........# #.#
#..........# #.#
############ #.8 #.. ##8
## # # #


You could see Blork the orc (fast) and a goblin.

Vanquished Creatures
  A scorpion (D:4)
  An orc priest (D:3)
  An orc wizard (D:3)
  3 gnolls (D:3)
  5 adders
  2 adder skeletons (D:4)
  2 worms (D:2)
  2 dart slugs
  5 orcs
  4 endoplasms
  2 giant cockroaches
  2 goblins
  4 hobgoblins (D:4)
  3 jackals (D:4)
  4 quokkas
  5 ball pythons
  4 bats
  5 frilled lizards
  7 kobolds
  3 rats
65 creatures vanquished.

Vanquished Creatures (others)
  A quokka (D:4)
  3 fungi (D:2)
4 creatures vanquished.

Grand Total: 69 creatures vanquished

Notes
Turn   | Place    | Note
-------+----------+-------------------------------------------
     0 | D:1      | Ablot the Gnoll Warper began the quest for the Orb.
     0 | D:1      | Reached XP level 1. HP: 20/20 MP: 6/6
   260 | D:1      | Reached XP level 2. HP: 25/26 MP: 7/7
   263 | D:1      | Learned a level 2 spell: Blink
  1064 | D:2      | Reached XP level 3. HP: 31/31 MP: 9/9
  1136 | D:2      | Reached skill level 5 in Spellcasting
  1348 | D:2      | Reached skill level 1 in Invocations
  1618 | D:2      | Reached skill level 1 in Short Blades
  1618 | D:2      | Reached skill level 1 in Long Blades
  1618 | D:2      | Reached skill level 1 in Axes
  1618 | D:2      | Reached skill level 1 in Maces & Flails
  1618 | D:2      | Reached skill level 1 in Staves
  1618 | D:2      | Reached skill level 1 in Slings
  1618 | D:2      | Reached skill level 1 in Bows
  1618 | D:2      | Reached skill level 1 in Crossbows
  1618 | D:2      | Reached skill level 1 in Stealth
  1618 | D:2      | Reached skill level 1 in Shields
  1618 | D:2      | Reached skill level 1 in Unarmed Combat
  1618 | D:2      | Reached skill level 1 in Evocations
  1669 | D:2      | Reached XP level 4. HP: 38/38 MP: 11/11
  2184 | D:2      | Found a runed translucent door.
  2371 | D:3      | Reached skill level 1 in Conjurations
  2371 | D:3      | Reached skill level 1 in Hexes
  2371 | D:3      | Reached skill level 1 in Summonings
  2371 | D:3      | Reached skill level 1 in Necromancy
  2371 | D:3      | Reached skill level 1 in Transmutations
  2371 | D:3      | Reached skill level 1 in Fire Magic
  2371 | D:3      | Reached skill level 1 in Ice Magic
  2371 | D:3      | Reached skill level 1 in Air Magic
  2371 | D:3      | Reached skill level 1 in Earth Magic
  2371 | D:3      | Reached skill level 1 in Poison Magic
  2694 | D:3      | Reached XP level 5. HP: 34/43 MP: 12/12
  3172 | D:3      | Found a faded altar of an unknown god.
  3800 | D:4      | Noticed Edmund
  3901 | D:3      | HP: 2/43 [Edmund (2)]
  4210 | D:4      | Reached XP level 6. HP: 23/50 MP: 13/13
  4806 | D:4      | Found a staircase to the Ecumenical Temple.
  4888 | D:4      | Noticed Blork the orc
  4915 | D:4      | HP: 1/50 [Blork the orc/puff of frost (3)]
  4916 | D:4      | Succumbed to Blork the orc's poison

Illustrated notes

Levels and vault maps discovered:
D:1:      dpeg_arrival_long_road, layout_basic
D:2:      layout_basic, uniq_crazy_yiuf_cottage
D:3:      layout_basic, chequers_ecumenical_altar_twisty, serial_rivers,
          chequers_serial_rivers_large_a, chequers_serial_rivers_marsh,
          chequers_serial_rivers_small_3, chequers_serial_rivers_large_b,
          chequers_serial_rivers_micro_e
D:4:      layout_rooms, lemuel_temple_firewalk_b, uniq_edmund,
          uniq_blork_the_orc

Skill      XL: |  1  2  3  4  5 |
---------------+----------------+-----
Spellcasting   | 5 |  5.3
Invocations    | 1 2 |  2.0
Short Blades   | 1 |  1.8
Long Blades    | 1 |  1.8
Axes           | 1 |  1.8
Maces & Flails | 1 |  1.8
Staves         | 1 |  1.8
Slings         | 1 |  1.8
Bows           | 1 |  1.8
Crossbows      | 1 |  1.8
Stealth        | 1 |  1.8
Shields        | 1 |  1.8
Unarmed Combat | 1 |  1.8
Evocations     | 1 |  1.8
Conjurations   | 1 |  1.4
Hexes          | 1 |  1.4
Summonings     | 1 |  1.4
Necromancy     | 1 |  1.4
Transmutations | 1 |  1.4
Fire Magic     | 1 |  1.4
Ice Magic      | 1 |  1.4
Air Magic      | 1 |  1.4
Earth Magic    | 1 |  1.4
Poison Magic   | 1 |  1.4
Throwing       | 3 |  3.2
Armour         | 3 |  3.2
Fighting       | |  4.9
Polearms       | |  4.9
Dodging        | |  4.9
Translocations | |  5.6

Action                   |  1- 3 |  4- 6 || total
-------------------------+-------+-------++-------
Melee: Spear             |   104 |   203 ||   307
       Bite              |     3 |    11 ||    14
       Punch             |     1 |     6 ||     7
Throw: Boomerang         |       |     6 ||     6
 Cast: Blink             |       |     4 ||     4
 Stab: Sleeping          |     1 |     2 ||     3
Armor: Leather armour    |    18 |    37 ||    55
Dodge: Dodged            |    29 |    91 ||   120
